 Dungeon Crawl Stone Soup version 0.17-a0-2093-gc772f4b (webtiles) character file.

112 derrpe the Poker (level 4, 0/33 HPs)
             Began as a Merfolk Skald on Oct 17, 2015.
             Killed from afar by an orc wizard (8 damage)
             ... with a magic dart
             ... on level 3 of the Dungeon.
             The game lasted 00:05:00 (3327 turns).

derrpe the Poker (Merfolk Skald)                    Turns: 3327, Time: 00:05:00

Health: 0/33       AC:  3    Str: 12    XL:     4   Next: 93%
Magic:  0/7        EV: 11    Int: 12    God:
Gold:   156        SH:  0    Dex: 13    Spells: 3 memorised, 1 level left

rFire  . . .     SeeInvis .     a - +0 spear
rCold  . . .     Clarity  .     b - +0 leather armour
rNeg   . . .     SustAt   .     (no shield)
rPois  .         Gourm    .     (no helmet)
rElec  .         Spirit   +     (no cloak)
rCorr  .         Warding  .     (no gloves)
rMut   .         Stasis   .     (no boots)
MR     .....                    v - amulet of guardian spirit
Stlth  +.........               (no ring)
                                (no ring)

@: very slightly contaminated, slowed, invisible, very slow, not resistant to
hostile enchantments, very unstealthy
A: change form in water, swift swim
a: no special abilities


You were on level 3 of the Dungeon.
You were not hungry.

You visited 1 branch of the dungeon, and saw 3 of its levels.

You collected 156 gold pieces.

Inventory:

Hand Weapons
 a - a +0 spear (weapon)
Missiles
 k - 89 stones (quivered)
 l - 11 arrows
 o - 3 javelins
 r - 7 tomahawks of dispersal
 s - 11 poisoned needles
 t - 26 sling bullets
Armour
 b - a +0 leather armour (worn)
Jewellery
 v - an amulet of guardian spirit (around neck)
Scrolls
 e - a scroll of remove curse
 f - a scroll of random uselessness {unknown}
 g - 2 scrolls of identify
 h - a scroll of teleportation {unknown}
 m - a scroll of enchant armour {unknown}
 n - a scroll of magic mapping {unknown}
Potions
 p - 2 potions of curing {unknown}
 q - 3 potions of agility
 u - a potion of might {unknown}
 z - a potion of lignification {unknown}
Books
 c - a book of Battle

   Spells                             Type                      Level
   a - Infusion                       Charms                       1
   b - Shroud of Golubria             Charms/Translocation         2
   c - Song of Slaying                Charms                       2
   d - Spectral Weapon                Hexes/Charms                 3
   e - Regeneration                   Charms/Necromancy            3
Comestibles
 d - 2 bread rations {@e1}
 i - a beef jerky
 x - 2 fruits


   Skills:
 - Level 2.1 Fighting
 + Level 7.2 Polearms
 - Level 0.6 Armour
 - Level 1.3 Dodging
 - Level 2.0 Spellcasting
 - Level 3.2 Charms


You had one spell level left.
You knew the following spells:

 Your Spells              Type           Power        Failure   Level  Hunger
a - Infusion              Chrm           #.....       12%         1    ##.....
b - Shroud of Golubria    Chrm/Tloc      #.........   28%         2    ###....
c - Regeneration          Chrm/Necr      #.........   58%         3    ####...


Dungeon Overview and Level Annotations

Branches:
Dungeon (3/15)

Altars:
Gozag


Message History

You hit the orc wizard but do no damage.
The orc wizard is severely wounded.
The orc closely misses you.
The orc wizard hits you but does no damage.
The orc wizard points at you and mumbles some strange words.
The magic dart hits you!
The orc wizard mumbles some strange words.
The orc wizard blinks!
The orc closely misses you.
Drink which item? (? for menu, Esc to quit)
You fade into invisibility!
The orc hits you with a flail.
* * * LOW HITPOINT WARNING * * *
The orc wizard closely misses you.
You are very lightly contaminated with residual magic.
You hit the orc.
The orc is moderately wounded.
The orc closely misses you.
The orc wizard gestures at you while chanting.
The magic dart hits you!
You die...

###### #..... #
##<####
#.############...##
#.o@oo............#
#.###o########....#
# #.# ####.# #o#
#####†## #.#
###....... #.#
#.........
#.#####.#.###.##
#.###.......#.#
#...
#.#.>....######.#
####


You could see an orc wizard and 3 orcs.

Vanquished Creatures
  4 adders
  2 worms
  2 giant geckos
  7 orcs (D:3)
  6 giant cockroaches
  8 goblins
  9 hobgoblins
  8 bats
  2 giant newts
  6 kobolds
  3 rats
57 creatures vanquished.

Notes
Turn   | Place    | Note
--------------------------------------------------------------
     0 | D:1      | derrpe the Merfolk Skald began the quest for the Orb.
     0 | D:1      | Reached XP level 1. HP: 16/16 MP: 3/3
   192 | D:1      | Reached skill level 4 in Polearms
   192 | D:1      | Reached XP level 2. HP: 16/22 MP: 0/5
   688 | D:1      | Reached skill level 5 in Polearms
   688 | D:1      | Reached XP level 3. HP: 27/27 MP: 3/6
   716 | D:1      | Learned a level 2 spell: Shroud of Golubria
   720 | D:1      | Learned a level 3 spell: Regeneration
  1596 | D:2      | Reached skill level 6 in Polearms
  1852 | D:2      | Reached XP level 4. HP: 33/33 MP: 5/7
  2147 | D:2      | Found an opulent altar of Gozag.
  3113 | D:3      | Reached skill level 7 in Polearms
  3327 | D:3      | Killed from afar by an orc wizard

Vault maps used:
D:1:      dpeg_arrival_rooms_with_view
D:2:      overflow_temple_1_default, first_bread
D:3:      trog_three_pillars_becter

Action                   |  1- 3 |  4- 6 || total
-------------------------+-------+-------++-------
Melee: Spear             |   120 |   110 ||   230
Throw: Stone             |    38 |    34 ||    72
       Javelin           |       |     9 ||     9
 Cast: Infusion          |    25 |    21 ||    46
  Use: Scroll            |       |     4 ||     4
       Potion            |       |     1 ||     1
  Eat: Chunk             |     4 |     5 ||     9
